 Dungeon Crawl Stone Soup version 0.17-a0-18-gc25b939 (webtiles) character file.

8224 JacquesDerrida the Spear-Bearer (level 11, -3/76 (80) HPs)
             Began as a Merfolk Summoner on Mar 7, 2015.
             Was a Priest of Ashenzari.
             Slain by an ice dragon (13 damage)
             ... in an ice cave.
             The game lasted 00:45:45 (5777 turns).

JacquesDerrida the Spear-Bearer (Merfolk Summoner)  Turns: 5777, Time: 00:45:46

HP:   -3/76 (80)    AC:  7    Str:  9    XL:     11   Next: 27%
MP:   22/26         EV: 18    Int: 16    God:    Ashenzari [***...]
Gold: 527           SH:  0    Dex: 16    Spells: 5 memorised, 0 levels left

rFire  + . .     SeeInvis +     l - +5 halberd (chop) (curse)
rCold  + . .     Clarity  +     q - +1 leather armour
rNeg   . . .     SustAb   .     (no shield)
rPois  +         Gourm    .     t - +1 helmet (curse)
rElec  +         Spirit   .     E - +0 cloak (curse)
rCorr  +         Warding  .     (no gloves)
rMut   .         Stasis   .     (no boots)
MR     .....                    (no amulet)
Stlth  ++........               (no ring)
                                o - ring of magical power (curse)

@: resistant, very slightly contaminated, hasted, very quick, not resistant to
hostile enchantments, unstealthy
A: change form in water, swift swim
a: Renounce Religion


You were in an ice cave.
You worshipped Ashenzari.
Ashenzari was most pleased with you.
You were not hungry.

You visited 3 branches of the dungeon, and saw 13 of its levels.
You also visited: Ice Cave.

You collected 527 gold pieces.

Inventory:

Hand weapons
 l - a cursed +5 halberd of chopping (weapon)
Missiles
 e - 2 throwing nets (quivered)
Armour
 a - a +0 robe
 p - a +3 ring mail
 q - a +1 leather armour (worn)
 t - a cursed +1 helmet (worn)
 E - a cursed +0 cloak (worn)
Jewellery
 h - an uncursed ring of fire
 o - a cursed ring of magical power (left hand)
Magical devices
 m - a wand of flame (22)
 w - a wand of lightning (2)
 x - a wand of slowing (28)
 y - a wand of heal wounds (0)
 C - a wand of disintegration (0)
Scrolls
 i - 3 scrolls of curse armour
 n - 5 scrolls of enchant armour
 u - 2 scrolls of curse weapon
 G - a scroll of enchant weapon
Potions
 j - 2 potions of brilliance
 s - a potion of ambrosia
 v - 2 potions of restore abilities
 z - a potion of lignification
 A - a potion of cure mutation
 B - a potion of poison
Books
 b - a book of Callings

   Spells                             Type                      Level
   a - Summon Small Mammal            Summoning                    1
   b - Call Imp                       Summoning                    2
   c - Call Canine Familiar           Summoning                    3
   d - Summon Guardian Golem          Hexes/Summoning              4
   e - Summon Lightning Spire         Summoning/Air                4
   f - Summon Ice Beast               Ice/Summoning                4
Comestibles
 c - 7 bread rations
 g - a royal jelly
 k - 7 meat rations


   Skills:
 - Level 5.2 Fighting
 - Level 14.3(17.6) Polearms
 - Level 10.2 Dodging
 - Level 2.1 Stealth
 - Level 2.0 Spellcasting
 + Level 7.0 Summonings
 + Level 2.7 Ice Magic
 - Level 6.4 Air Magic


You couldn't memorise any spells.
You knew the following spells:

 Your Spells              Type           Power        Failure   Level  Hunger
a - Summon Ice Beast      Ice/Summ       ###.....     45%         4    #####..
b - Call Imp              Summ           ###.....     2%          2    ###....
c - Call Canine Familiar  Summ           ###.....     6%          3    ###....
d - Summon Lightning Spi  Summ/Air       ###.....     21%         4    #####..
e - Summon Small Mammal   Summ           ###.         1%          1    #......


Dungeon Overview and Level Annotations

Branches:
Dungeon (11/15)            Temple (1/1) D:4            Lair (1/8) D:10
    Orc (0/4) D:11

Altars:
Ashenzari
Cheibriados
Dithmenos
Fedhas
Gozag
Kikubaaqudgha
Makhleb
Okawaru
Ru
Trog
Xom
Zin
The Shining One

Shops:
D:7 =

Annotations:
D:6 Prince Ribbit
D:8 Erolcha
D:11 Fannar IceCv exclusion: ice statue


Message History

* * * LOW HITPOINT WARNING * * *
The ice dragon misses you. The ice dragon completely misses you.
You hit the ice dragon but do no damage.
The ice dragon is heavily wounded.
The ice beast hits your lightning spire but does no damage.
You hit the ice dragon but do no damage.
The ice dragon is heavily wounded.
The ice dragon breathes frost at you. The blast of cold hits you! You resist.
* * * LOW HITPOINT WARNING * * *
You hit the ice dragon.
The ice dragon is heavily wounded.
You hit the ice dragon but do no damage.
The ice dragon is heavily wounded.
The ice beast closely misses you.
The ice dragon bites you but does no damage.
The ice dragon claws you.
* * * LOW HITPOINT WARNING * * *
The ice dragon tramples you!
You die...

..###...##### * **
### ##.## #8* ,* #
### *##... , ,,
......, #......
{....... ###
###Y....... , ###
###.#####8Y#{ ,, ,
##.####..#..#.D@##**,
##.#.#...#.#...### ,
, * ..#....######.##
* #############.# *
###*###≈≈≈≈≈#.# * *
≈≈≈##≈≈D≈D≈≈≈≈##
≈≈≈≈≈≈≈§§§§≈≈≈≈#*,,
≈≈≈≈≈≈≈≈≈≈≈≈≈≈##{ ,
####.###≈######{{*


You could see an ice dragon, 2 ice beasts and a friendly lightning spire.

Vanquished Creatures
  An ice dragon (IceCv)
  A hill giant (D:11)
  A komodo dragon (Lair:1)
  A two-headed ogre (D:11)
  7 yaks
  A hungry ghost (D:9)
  2 wyverns (D:9)
  3 hippogriffs
  A steam dragon (D:11)
  The ghost of Crauler the Caller, an average MfSu (D:3)
  Menkaure (D:6)
  The ghost of Conn321 the Magician, an average OpWz (D:4)
  A water moccasin (D:9)
  2 sky beasts
  A porcupine (Lair:1)
  A phantom (D:10)
  A black bear (D:7)
  An ogre (D:7)
  6 ice beasts
  3 orc warriors
  2 crocodiles (Lair:1)
  A centaur (D:6)
  5 giant frogs
  A scorpion (Lair:1)
  6 killer bees
  11 wights
  A giant frog zombie (D:6)
  A hound (D:11)
  A quasit (D:9)
  2 crimson imps
  2 jellies (D:5)
  4 orc priests
  6 orc wizards
  A centaur skeleton (D:9)
  3 worker ants
  2 iguanas
  A sheep (Lair:1)
  A hound zombie (D:10)
  A mummy (D:6)
  A worker ant zombie (D:4)
  2 gnolls (D:5)
  6 adders
  4 river rats (Lair:1)
  A shadow imp (D:5)
  A giant mite (D:4)
  A giant gecko (D:11)
  22 orcs
  5 bats
  2 bat skeletons
  A bat zombie (D:8)
  2 giant cockroaches
  5 hobgoblins
  11 kobolds
  A giant newt (D:1)
  A giant spore (D:9)
  5 goblins
  9 jackals
  A jackal zombie (D:7)
  4 quokkas
  A quokka skeleton (D:4)
  5 rats
180 creatures vanquished.

Vanquished Creatures (collateral kills)
  Psyche (D:10)
  A basilisk (Lair:1)
  2 yaks (D:10)
  2 water moccasins
  A necrophage (D:7)
  An ice beast (IceCv)
  A centaur (D:6)
  2 giant frogs
  A scorpion (D:4)
  A wight (D:6)
  A jelly (D:5)
  3 killer bees
  A giant frog zombie (D:9)
  2 hounds
  2 orc priests
  An iguana (D:5)
  4 orc wizards
  A worker ant (D:7)
  A worker ant zombie (D:6)
  2 adders (D:2)
  2 gnolls
  A river rat (Lair:1)
  A white imp (D:4)
  4 worms
  An adder skeleton (D:8)
  2 giant geckos
  8 orcs
  4 bats
  5 goblins
  6 hobgoblins
  A jackal (D:2)
  2 kobolds
  2 quokkas
  A ball python (D:6)
  2 giant newts (D:1)
  11 rats
84 creatures vanquished.

Vanquished Creatures (others)
  3 crimson imps (D:2)
  37 hounds
  A lightning spire (IceCv)
  2 shadow imps (D:2)
  A quokka (D:1)
  4 rats
  2 plants (D:10)
50 creatures vanquished.

Grand Total: 314 creatures vanquished

Notes
Turn   | Place    | Note
--------------------------------------------------------------
     0 | D:1      | JacquesDerrida, the Merfolk Summoner, began the quest for the Orb.
     0 | D:1      | Reached XP level 1. HP: 13/13 MP: 3/3
   385 | D:1      | Reached XP level 2. HP: 19/19 MP: 0/4
   422 | D:2      | Learned a level 2 spell: Call Imp
   650 | D:2      | Reached XP level 3. HP: 11/24 MP: 0/6
   655 | D:2      | Learned a level 3 spell: Call Canine Familiar
   691 | D:2      | Reached skill level 5 in Summonings
   951 | D:2      | Reached skill level 1 in Polearms
  1007 | D:3      | Noticed Crauler's ghost (average MfSu)
  1060 | D:3      | Killed Crauler's ghost
  1060 | D:3      | Reached XP level 4. HP: 17/30 MP: 3/7
  1060 | D:3      | Reached XP level 5. HP: 19/35 MP: 3/9
  1227 | D:3      | Reached skill level 5 in Dodging
  1348 | D:4      | Reached XP level 6. HP: 35/41 MP: 5/10
  1571 | D:4      | Reached skill level 5 in Polearms
  1592 | D:4      | Found a bloodstained altar of Trog.
  1736 | D:4      | Noticed Conn321's ghost (average OpWz)
  1748 | D:4      | HP: 2/41 [white imp/puff of frost[Conn321's ghost] (6)]
  1760 | D:4      | Killed Conn321's ghost
  1760 | D:4      | Reached skill level 6 in Dodging
  1798 | D:4      | Found a staircase to the Ecumenical Temple.
  1803 | Temple   | Entered the Ecumenical Temple
  1808 | Temple   | Became a worshipper of Ashenzari the Shackled
  1870 | D:5      | Entered Level 5 of the Dungeon
  1921 | D:5      | Reached XP level 7. HP: 34/46 MP: 12/12
  2233 | D:6      | Noticed Menkaure
  2239 | D:6      | Killed Menkaure
  2239 | D:6      | Reached skill level 7 in Polearms
  2313 | D:6      | Noticed Prince Ribbit
  2347 | D:5      | Learned a level 4 spell: Summon Lightning Spire
  2420 | D:6      | Noticed a hippogriff
  2429 | D:6      | Killed a hippogriff
  2429 | D:6      | Reached skill level 1 in Fighting
  2429 | D:6      | Reached skill level 8 in Polearms
  2429 | D:6      | Reached XP level 8. HP: 27/54 MP: 6/13
  2793 | D:6      | Reached skill level 9 in Polearms
  2989 | D:7      | Reached XP level 9. HP: 43/61 MP: 8/14
  3025 | D:7      | Found a blossoming altar of Fedhas.
  3076 | D:7      | Found Kaptiuch's Jewellery Emporium.
  3169 | D:8      | Noticed Erolcha
  3275 | D:8      | Reached skill level 10 in Polearms
  3450 | D:7      | Reached skill level 10 in Dodging
  3492 | D:8      | Reached skill level 5 in Fighting
  3837 | D:9      | Reached skill level 1 in Air Magic
  3971 | D:9      | Reached skill level 11 in Polearms
  4125 | D:9      | Acquired Ashenzari's first power
  4246 | D:10     | Entered Level 10 of the Dungeon
  4277 | D:10     | Found a staircase to the Lair.
  4325 | D:10     | Reached XP level 10. HP: 44/70 MP: 13/16
  4381 | D:10     | Noticed Psyche
  4387 | D:10     | Killed Psyche
  4387 | D:10     | Reached skill level 12 in Polearms
  4549 | D:10     | Reached skill level 13 in Polearms
  4593 | D:10     | Noticed a hill giant
  4594 | D:10     | Noticed a hill giant
  4640 | D:11     | Noticed a hill giant
  4657 | D:11     | Killed a hill giant
  4657 | D:11     | Reached skill level 5 in Air Magic
  4671 | D:11     | Noticed an eight-headed hydra
  4780 | D:11     | Found a staircase to the Orcish Mines.
  4785 | D:11     | Found a burning altar of Makhleb.
  4951 | D:11     | Noticed Fannar
  5045 | Lair:1   | Entered Level 1 of the Lair of Beasts
  5069 | Lair:1   | HP: 3/70 [komodo dragon (12)]
  5072 | Lair:1   | Reached skill level 14 in Polearms
  5082 | Lair:1   | Reached XP level 11. HP: 35/76 MP: 17/17
  5151 | Lair:1   | Learned a level 4 spell: Summon Ice Beast
  5394 | Lair:1   | Found a frozen archway.
  5429 | IceCv    | Entered an ice cave
  5429 | IceCv    | Acquired Ashenzari's second power
  5439 | IceCv    | Reached skill level 1 in Ice Magic
  5682 | IceCv    | Noticed an ice statue
  5711 | IceCv    | Noticed an ice dragon
  5711 | IceCv    | Noticed an ice dragon
  5749 | IceCv    | Killed an ice dragon
  5760 | IceCv    | HP: 3/76 [ice dragon (8)]
  5777 | IceCv    | Slain by an ice dragon

Action                   |  1- 3 |  4- 6 |  7- 9 | 10-12 || total
-------------------------+-------+-------+-------+-------++-------
Melee: Unarmed           |    14 |       |       |       ||    14
       Halberd           |    33 |   102 |   298 |   228 ||   661
 Cast: Summon Small Mamm |    24 |       |       |       ||    24
       Call Imp          |    13 |     4 |       |       ||    17
       Call Canine Famil |     7 |    13 |    47 |    11 ||    78
       Summon Lightning  |       |       |       |    11 ||    11
Evoke: Wand              |       |       |     2 |    19 ||    21
  Use: Scroll            |     1 |    10 |    11 |     7 ||    29
       Potion            |     1 |     2 |     6 |     5 ||    14
 Stab: Distracted        |     2 |       |     6 |     3 ||    11
       Sleeping          |       |     2 |     4 |     1 ||     7
       Invisible         |       |     1 |       |       ||     1
  Eat: Chunk             |     2 |     6 |    14 |     8 ||    30
       Beef jerky        |       |       |     1 |       ||     1
       Fruit             |       |       |       |     5 ||     5
